[Event "Titled Tuesday Blitz August 02 Late 2022"]
[White "Kamsky, Gata"]
[Black "Harvey, Marcus R"]
[WhiteFideId "2000024"]
[BlackFideId "400092"]
[WhiteElo "2645"]
[BlackElo "2485"]
[Result "1/2-1/2"]
[Round "05"]
[TimeControl "180+1"]
[Date "2022.08.02"]
[WhiteClock "0:00:14"]
[BlackClock "0:00:06"]

1. e4 c6 2. d4 d5 3. exd5 cxd5 4. Bd3 Nc6 5. c3 Nf6 6. Bf4 Bg4 7. Qb3 Qd7 8. Nd2 e6 9. Ngf3 Bd6 10. Bg3 O-O 11. O-O a6 12. a4 Qc7 13. Rfe1 Bxg3 14. hxg3 Bxf3 15. Nxf3 Rfb8 16. Qa3 Qe7 17. Qxe7 Nxe7 18. Ne5 Nc6 19. Nxc6 bxc6 20. b4 a5 21. Reb1 axb4 22. Rxb4 Nd7 23. a5 c5 24. Rxb8+ Rxb8 25. dxc5 Nxc5 26. Bf1 Kf8 27. a6 Ke7 28. g4 h6 29. f3 Kd6 30. Kf2 Kc7 31. Ke3 Ra8 32. f4 g5 33. g3 Kb6 34. Rb1+ Kc6 35. Ra1 Kb6 36. Rb1+ Kc6 37. Bb5+ Kc7 38. Kd4 Kd6 39. Rh1 Nxa6 40. Rxh6 Nc5 41. Rh7 Rb8 42. Be2 Rb2 43. Ke3 Ne4 44. Rxf7 Nxc3 45. Bf3 Rb3 46. Kf2 Rb2+ 47. Ke3 Rb3 48. Kf2 Rb2+ 49. Ke3 1/2-1/2


[Site "https://www.chess.com"]

[Event "Titled Tuesday Blitz August 02 Late 2022"]
[White "Kravtsiv, Martyn"]
[Black "Rosen, Eric"]
[WhiteFideId "14113147"]
[BlackFideId "2032562"]
[WhiteElo "2694"]
[BlackElo "2362"]
[Result "1-0"]
[Round "05"]
[TimeControl "180+1"]
[Date "2022.08.02"]
[WhiteClock "0:01:08"]
[BlackClock "0:00:02"]

1. e4 c5 2. Nf3 d6 3. Bb5+ Bd7 4. Bxd7+ Qxd7 5. c4 Nf6 6. Nc3 g6 7. d4 cxd4 8. Nxd4 Bg7 9. f3 O-O 10. Be3 Nc6 11. O-O a6 12. Qd3 Rac8 13. b3 b5 14. cxb5 Ne5 15. Qd2 d5 16. bxa6 dxe4 17. Nxe4 Nxe4 18. fxe4 Ng4 19. Rad1 Rfd8 20. Nf3 Qc7 21. Qe2 Qa5 22. a7 Nxe3 23. Qxe3 Qxa2 24. Qb6 Re8 25. Rd2 Qa3 26. Rfd1 Ra8 27. Rd7 Bf6 28. e5 Bg7 29. h3 Bf8 30. e6 1-0


[Site "https://www.chess.com"]

[Event "Titled Tuesday Blitz August 02 Late 2022"]
[White "Lin, Dachey"]
[Black "Shimanov, Aleksandr"]
[WhiteFideId "2029650"]
[BlackFideId "4198603"]
[WhiteElo "2313"]
[BlackElo "2605"]
[Result "0-1"]
[Round "05"]
[TimeControl "180+1"]
[Date "2022.08.02"]
[WhiteClock "0:00:02"]
[BlackClock "0:00:03"]

1. Nc3 d5 2. e4 d4 3. Nce2 e5 4. Nf3 Bd6 5. c3 c5 6. Ng3 Ne7 7. Bc4 O-O 8. d3 Nbc6 9. O-O Na5 10. Bb5 a6 11. Ba4 b5 12. Bc2 h6 13. Nh4 Be6 14. Ngf5 Nxf5 15. Nxf5 Bxf5 16. exf5 Rc8 17. Qg4 Qf6 18. Bd2 dxc3 19. Bxc3 Nc6 20. Bb3 Nd4 21. Bxd4 exd4 22. Rac1 Rfe8 23. g3 Re5 24. Qg6 Rxf5 25. Qxf6 Rxf6 26. Rfe1 Kf8 27. Re4 g5 28. Rce1 c4 29. dxc4 bxc4 30. Rc1 d3 31. Rexc4 Rxc4 32. Rxc4 Be5 33. Rc8+ Ke7 34. Kf1 Bxb2 35. Ke1 Bd4 36. f4 gxf4 37. gxf4 Be3 38. Rc7+ Ke8 39. Rc3 d2+ 40. Ke2 Bxf4 41. Rd3 Kf8 42. Bc4 Bg5 43. Bb3 Kg7 44. h4 Bxh4 45. Kxd2 Bg5+ 46. Ke2 h5 47. Rd5 Kg6 48. Bc2+ Kh6 49. Bd3 h4 50. Rf5 h3 51. Rxf6+ Bxf6 52. Bxa6 Kg5 53. Bb7 Kf4 54. a4 Kg3 55. Kf1 Bd4 56. a5 f5 57. a6 f4 58. Bc8 h2 59. Bb7 f3 0-1


[Site "https://www.chess.com"]

[Event "Titled Tuesday Blitz August 02 Late 2022"]
[White "Makarian, Rudik"]
[Black "Melikyan, Gnel"]
[WhiteFideId "44105681"]
[BlackFideId "54109990"]
[WhiteElo "2403"]
[BlackElo "1772"]
[Result "1-0"]
[Round "05"]
[TimeControl "180+1"]
[Date "2022.08.02"]
[WhiteClock "0:00:15"]
[BlackClock "0:00:11"]

1. d3 Nf6 2. f4 d5 3. Nf3 g6 4. g3 Bg7 5. Bg2 O-O 6. O-O c5 7. Ne5 Nc6 8. Nxc6 bxc6 9. e4 Bg4 10. Qe1 Qc8 11. Nc3 Bh3 12. e5 Ne8 13. Na4 Bxg2 14. Kxg2 f6 15. exf6 exf6 16. Nxc5 Nc7 17. f5 Re8 18. Qf2 Qxf5 19. Qxf5 gxf5 20. Bf4 Ne6 21. Nxe6 Rxe6 22. Rfe1 Rxe1 23. Rxe1 Kf7 24. b3 Bf8 25. a4 Rc8 26. Kf3 a6 27. h4 c5 28. c4 Rd8 29. h5 Rd7 30. Ke2 Be7 31. Kd2 Bd8 32. Kc2 Ba5 33. Re2 Bd8 34. Be3 d4 35. Bf4 a5 36. Kd1 Rb7 37. Kc2 Rd7 38. Rf2 Ke6 39. Kd1 Rb7 40. Rb2 Kf7 41. Ke2 Re7+ 42. Kf3 Re1 43. Bd6 Re3+ 44. Kf2 Rxd3 45. Bxc5 Ke6 46. b4 axb4 47. Rxb4 Ke5 48. Rb8 Ba5 49. Re8# 1-0


[Site "https://www.chess.com"]

[Event "Titled Tuesday Blitz August 02 Late 2022"]
[White "Marczuk, Dominik"]
[Black "Boros, Denes"]
[WhiteFideId "1111264"]
[BlackFideId "722340"]
[WhiteElo "1901"]
[BlackElo "2464"]
[Result "0-1"]
[Round "05"]
[TimeControl "180+1"]
[Date "2022.08.02"]
[WhiteClock "0:00:16"]
[BlackClock "0:01:31"]

1. e4 Nc6 2. Nf3 g6 3. d4 Bg7 4. d5 Ne5 5. Nxe5 Bxe5 6. f4 Bg7 7. Nc3 c6 8. Be3 d6 9. Qd2 Nf6 10. Be2 cxd5 11. exd5 O-O 12. O-O a6 13. a4 Bf5 14. Bd3 Bxd3 15. Qxd3 Rc8 16. a5 Nd7 17. Bd4 Bxd4+ 18. Qxd4 Qc7 19. Rfe1 Rfe8 20. Kh1 Qc5 21. Qd3 Nf6 22. Qf3 Qb4 23. Ra3 Qxb2 24. Rb3 Qxc2 25. Na4 Qd2 26. Rd1 Rc1 27. Rb1 Rec8 28. h3 Rxd1+ 29. Qxd1 Qxf4 30. Rxb7 Rc1 0-1


[Site "https://www.chess.com"]

[Event "Titled Tuesday Blitz August 02 Late 2022"]
[White "Mardov, Dimitar"]
[Black "Blanco Ronquillo, Humberto L."]
[WhiteFideId "30919495"]
[BlackFideId "3504239"]
[WhiteElo "2185"]
[BlackElo "2423"]
[Result "1-0"]
[Round "05"]
[TimeControl "180+1"]
[Date "2022.08.02"]
[WhiteClock "0:00:09"]
[BlackClock "0:00:06"]

1. d4 d5 2. c4 c6 3. Nf3 Nf6 4. e3 Bf5 5. Nc3 e6 6. Nh4 Bg6 7. Qb3 Qc7 8. Bd2 Nbd7 9. O-O-O Ne4 10. Nxe4 Bxe4 11. f3 dxc4 12. Bxc4 Bd5 13. e4 Bxc4 14. Qxc4 Be7 15. g3 O-O 16. Ng2 c5 17. Kb1 Nb6 18. Qc2 Rac8 19. Rc1 Qd7 20. dxc5 Bxc5 21. Bc3 Bb4 22. Rhd1 Qb5 23. Qb3 a5 24. a3 Qe2 25. Rd2 Qxf3 26. axb4 Nc4 27. Rd4 a4 28. Qc2 e5 29. Nh4 Qg4 30. Qd1 Qe6 31. Rd3 a3 32. b3 Nb6 33. Rd6 a2+ 34. Kxa2 Ra8+ 35. Kb2 Nc4+ 36. bxc4 Qxc4 37. Qb3 Qe2+ 38. Rd2 Qxe4 39. Rcd1 Qc6 40. Nf5 Qf6 41. Nd6 h6 42. Ne4 Qg6 43. Nc5 Kh7 44. Nd7 Rfe8 45. Nxe5 Qf5 46. Qxf7 Rxe5 47. Qxf5+ Rxf5 48. Rd7 Rf2+ 49. R1d2 Rf3 50. Rxg7+ Kh8 51. Rxb7+ Kg8 52. Rg7+ Kf8 53. Rh7 1-0


[Site "https://www.chess.com"]

[Event "Titled Tuesday Blitz August 02 Late 2022"]
[White "Nakamura, Hikaru"]
[Black "Martinez Alcantara, Jose Eduardo"]
[WhiteFideId "2016192"]
[BlackFideId "3805662"]
[WhiteElo "2850"]
[BlackElo "2703"]
[Result "1-0"]
[Round "05"]
[TimeControl "180+1"]
[Date "2022.08.02"]
[WhiteClock "0:00:48"]
[BlackClock "0:00:03"]

1. Nf3 Nf6 2. d4 e6 3. Bf4 b6 4. e3 Bb7 5. h3 Be7 6. c4 O-O 7. Nc3 Bb4 8. Bd3 d6 9. O-O Bxc3 10. bxc3 Nbd7 11. Nd2 e5 12. Bg3 Re8 13. Re1 h6 14. e4 Nf8 15. f3 Ne6 16. Bf2 Nh5 17. Nf1 Qg5 18. h4 Qg6 19. Bc2 Nhf4 20. Ng3 Qf6 21. Nf5 Qg6 22. Bg3 Nh5 23. Bh2 Nhf4 24. Qd2 Qf6 25. g3 Ng6 26. Kg2 Ne7 27. Bg1 Rad8 28. Rad1 g5 29. Be3 exd4 30. cxd4 Nxf5 31. exf5 g4 32. d5 gxf3+ 33. Kf2 Nc5 34. Bd4 Re5 35. Bxe5 dxe5 36. Qc3 Re8 37. Re3 Bc8 38. Rde1 Bxf5 39. Rxf3 1-0


[Site "https://www.chess.com"]

[Event "Titled Tuesday Blitz August 02 Late 2022"]
[White "Naroditsky, Daniel"]
[Black "Oparin, Grigoriy"]
[WhiteFideId "2026961"]
[BlackFideId "24125890"]
[WhiteElo "2608"]
[BlackElo "2639"]
[Result "1/2-1/2"]
[Round "05"]
[TimeControl "180+1"]
[Date "2022.08.02"]
[WhiteClock "0:01:13"]
[BlackClock "0:01:56"]

1. e4 c6 2. Nc3 d5 3. Nf3 dxe4 4. Nxe4 Nf6 5. Qe2 Na6 6. Nxf6+ gxf6 7. d3 Qd5 8. h3 Bf5 9. g4 Bg6 10. Bg2 e6 11. Bd2 O-O-O 12. O-O Bc5 13. Bc3 Be7 14. b4 Nc7 15. a4 Qd6 16. b5 Nd5 17. Bd2 c5 18. Nh4 f5 19. Nxg6 hxg6 20. a5 1/2-1/2


[Site "https://www.chess.com"]

[Event "Titled Tuesday Blitz August 02 Late 2022"]
[White "Nazaretyan, Tigran"]
[Black "Maksimovic, Bojan"]
[WhiteFideId "24162345"]
[BlackFideId "14408120"]
[WhiteElo "2179"]
[BlackElo "2453"]
[Result "1-0"]
[Round "05"]
[TimeControl "180+1"]
[Date "2022.08.02"]
[WhiteClock "0:00:18"]
[BlackClock "0:00:04"]

1. d4 c5 2. d5 e5 3. e4 d6 4. Ne2 Be7 5. Nec3 Bg5 6. Nd2 h5 7. Bb5+ Kf8 8. a4 h4 9. h3 Ne7 10. a5 Ng6 11. Be2 Na6 12. Bg4 Bxg4 13. Qxg4 Nb4 14. Qd1 Qf6 15. O-O Rh6 16. Nc4 Bxc1 17. Rxc1 Nf4 18. Kh2 Rg6 19. Rg1 Na6 20. Qf3 Rh6 21. Ne2 Nxe2 22. Qxe2 Nc7 23. Rgf1 Qf4+ 24. Kg1 Ne8 25. Qe3 Qxe3 26. Nxe3 g6 27. Rb1 Rh7 28. b4 cxb4 29. Rxb4 f6 30. Rfb1 Rb8 31. c4 Rc7 32. Kf1 Ke7 33. Ke2 Kd7 34. Kd3 Kc8 35. Rb5 a6 36. Rb6 Rc5 37. Ra1 Kc7 38. Nf1 Rxa5 39. Rxb7+ Rxb7 40. Rxa5 Rb3+ 41. Kc2 Kb6 42. Rxa6+ Kxa6 43. Kxb3 Kb6 44. Ne3 Kc5 45. Kc3 Nc7 46. Ng4 Ne8 47. g3 f5 48. exf5 gxf5 49. Nh6 hxg3 50. fxg3 Ng7 51. g4 f4 52. Kd3 f3 53. Nf5 Ne8 54. h4 f2 55. Ke2 Kxc4 56. Ne3+ Kd4 57. g5 f1=Q+ 58. Nxf1 Kxd5 59. h5 Ke6 60. Ng3 d5 61. Kf3 Kf7 62. Kg4 Ng7 63. h6 Ne8 64. Kf5 e4 65. g6+ Kg8 66. Nh5 e3 67. Nf6+ Nxf6 68. Kxf6 e2 69. h7+ Kh8 70. g7+ Kxh7 71. Kf7 e1=Q 72. g8=Q+ Kh6 73. Qg6# 1-0


[Site "https://www.chess.com"]

[Event "Titled Tuesday Blitz August 02 Late 2022"]
[White "Pakleza, Zbigniew"]
[Black "Ladopoulos, Dimitrios"]
[WhiteFideId "1119290"]
[BlackFideId "4239580"]
[WhiteElo "2467"]
[BlackElo "2195"]
[Result "1/2-1/2"]
[Round "05"]
[TimeControl "180+1"]
[Date "2022.08.02"]
[WhiteClock "0:00:09"]
[BlackClock "0:00:05"]

1. d4 e6 2. Nf3 Nf6 3. Bf4 b6 4. e3 Bb7 5. Nbd2 c5 6. c3 Be7 7. Nc4 d5 8. Nce5 O-O 9. h3 Ne4 10. Be2 f6 11. Nd3 Nd7 12. O-O Rc8 13. Bh2 Re8 14. a4 Bf8 15. Nd2 e5 16. dxe5 Nxd2 17. Qxd2 fxe5 18. Bg4 e4 19. Nf4 Nf6 20. Bxc8 Qxc8 21. a5 Ba6 22. Nxd5 Bxf1 23. Nxf6+ gxf6 24. Kxf1 Qe6 25. axb6 axb6 26. Ra7 Qc4+ 27. Qe2 Qe6 28. Qg4+ Qxg4 29. hxg4 b5 30. Ke2 b4 31. c4 Rd8 32. f3 Rd3 33. fxe4 Rb3 34. e5 Rxb2+ 35. Kf3 fxe5 36. Bxe5 Rc2 37. Rb7 Rxc4 38. g5 Rc2 39. g4 c4 40. Ke4 b3 41. Rb8 Kf7 42. Rb7+ Ke6 43. Rxh7 c3 44. Rb7 b2 45. g6 Rc1 46. Rb6+ Kd7 47. g7 Bxg7 48. Bxg7 b1=Q+ 49. Rxb1 Rxb1 50. Bxc3 Ke6 51. g5 Rb7 52. Bf6 Rb4+ 53. Bd4 Rb5 54. Kf4 Rf5+ 55. Kg4 Rf1 56. e4 Kf7 57. Bf6 Kg6 58. e5 Re1 59. Kf4 Rf1+ 60. Ke4 Kf7 61. Kd5 Rd1+ 62. Ke4 Re1+ 63. Kf5 Rf1+ 64. Kg4 Ke6 65. g6 Rg1+ 66. Kh5 Kf5 67. g7 Rh1+ 68. Bh4 Rg1 69. Kh6 Kxe5 70. Kh7 Rh1 71. g8=Q Rxh4+ 72. Kg6 Rg4+ 73. Kf7 Rxg8 74. Kxg8 1/2-1/2


[Site "https://www.chess.com"]

[Event "Titled Tuesday Blitz August 02 Late 2022"]
[White "Paravyan, David"]
[Black "Grischuk, Alexander"]
[WhiteFideId "4194985"]
[BlackFideId "4126025"]
[WhiteElo "2569"]
[BlackElo "2762"]
[Result "1-0"]
[Round "05"]
[TimeControl "180+1"]
[Date "2022.08.02"]
[WhiteClock "0:00:36"]
[BlackClock "0:00:01"]

1. e4 e6 2. d4 d5 3. Nc3 Bb4 4. e5 c5 5. a3 Bxc3+ 6. bxc3 Ne7 7. Qg4 cxd4 8. Qxg7 Rg8 9. Qxh7 Qc7 10. Qd3 Qxe5+ 11. Ne2 dxc3 12. Qxc3 Qxc3+ 13. Nxc3 a6 14. h4 Nbc6 15. Bg5 e5 16. O-O-O Be6 17. g3 Rc8 18. Bg2 e4 19. Kb2 Rg6 20. f3 f6 21. Bf4 f5 22. h5 Rg7 23. h6 Rh7 24. fxe4 fxe4 25. Bxe4 dxe4 26. Nxe4 Kf8 27. Ng5 Bf5 28. g4 Bg6 29. Nxh7+ Bxh7 30. Rd7 Ke8 31. Rxb7 Nd8 32. Rc7 Rxc7 33. Bxc7 Ne6 34. Bd6 Nd5 35. c4 Ne3 36. Re1 Nxc4+ 37. Kc3 Kd7 38. Bb4 Nb6 39. Rd1+ Kc7 40. Rd6 Na4+ 41. Kc4 1-0


[Site "https://www.chess.com"]

[Event "Titled Tuesday Blitz August 02 Late 2022"]
[White "Rasulov, Vugar"]
[Black "Koelle, Tobias"]
[WhiteFideId "13402390"]
[BlackFideId "16207378"]
[WhiteElo "2523"]
[BlackElo "2541"]
[Result "1-0"]
[Round "05"]
[TimeControl "180+1"]
[Date "2022.08.02"]
[WhiteClock "0:00:09"]
[BlackClock "0:00:06"]

1. d4 Nf6 2. c4 g6 3. Nc3 Bg7 4. e4 O-O 5. h3 d6 6. Be3 e5 7. d5 Na6 8. Nf3 Nc5 9. Nd2 c6 10. g4 a5 11. Qc2 a4 12. Be2 cxd5 13. cxd5 Bd7 14. Bxc5 dxc5 15. O-O-O Ne8 16. d6 Qb8 17. Bb5 Bxb5 18. Nxb5 Nxd6 19. Nxd6 Qxd6 20. Nc4 Qc7 21. Ne3 Bh6 22. Rd5 a3 23. b3 Rfc8 24. Rhd1 b5 25. Kb1 Bxe3 26. fxe3 c4 27. b4 Ra4 28. Rxb5 Raa8 29. Rdd5 Rab8 30. Qc3 Rxb5 31. Rxb5 Qc6 32. Rd5 Rb8 33. Kc1 Qf6 34. Qxe5 Qxe5 35. Rxe5 Rxb4 36. Ra5 Rb2 37. Rxa3 c3 38. e5 Kf8 39. Ra7 Re2 40. e6 fxe6 41. a4 Rxe3 42. a5 Rxh3 43. Kc2 Rh2+ 44. Kxc3 Ra2 45. Kb4 Kg8 46. a6 h5 47. g5 h4 48. Kb5 h3 49. Rd7 h2 50. Rd1 Kf7 51. Kb6 e5 52. a7 Ke6 53. Rh1 Rb2+ 54. Kc7 Ra2 55. Kb7 Rb2+ 56. Kc6 Ra2 57. Kb6 Rb2+ 58. Kc7 Ra2 59. Kb7 Rb2+ 60. Kc8 Rc2+ 61. Kb8 Ra2 62. a8=Q Rxa8+ 63. Kxa8 Kf5 64. Kb7 Kf4 65. Rxh2 e4 66. Kc6 e3 67. Kd5 Kg3 68. Re2 Kf3 69. Rxe3+ Kxe3 70. Ke5 1-0


[Site "https://www.chess.com"]

[Event "Titled Tuesday Blitz August 02 Late 2022"]
[White "Saydaliev, Saidakbar"]
[Black "Ambartsumova, Karina"]
[WhiteFideId "14203693"]
[BlackFideId "4166299"]
[WhiteElo "2265"]
[BlackElo "2262"]
[Result "1-0"]
[Round "05"]
[TimeControl "180+1"]
[Date "2022.08.02"]
[WhiteClock "0:00:45"]
[BlackClock "0:00:02"]

1. e4 c5 2. Nf3 e6 3. d4 cxd4 4. Nxd4 a6 5. Bd3 Bc5 6. Nb3 Ba7 7. O-O Nc6 8. Qe2 Nge7 9. Be3 Bxe3 10. Qxe3 d6 11. N1d2 O-O 12. f4 b5 13. Rae1 e5 14. f5 f6 15. g4 d5 16. h4 Nb4 17. Kh2 Bb7 18. Rg1 dxe4 19. Nxe4 Nbd5 20. Qf2 Nf4 21. Rg3 Rc8 22. Nbc5 Qb6 23. b4 a5 24. a3 axb4 25. axb4 Ned5 26. g5 fxg5 27. Rxg5 Nxd3 28. cxd3 Nf4 29. Reg1 Kh8 30. Rxg7 Bd5 31. Qg3 Rg8 32. f6 Ng6 33. Qg5 Rxg7 34. fxg7+ Kxg7 35. h5 Rf8 36. Qxe5+ Kg8 37. Qxd5+ 1-0


[Site "https://www.chess.com"]

[Event "Titled Tuesday Blitz August 02 Late 2022"]
[White "Sjugirov, Sanan"]
[Black "Perera Alfonso, Rene Humberto"]
[WhiteFideId "4189302"]
[BlackFideId "3514722"]
[WhiteElo "2609"]
[BlackElo "2313"]
[Result "1/2-1/2"]
[Round "05"]
[TimeControl "180+1"]
[Date "2022.08.02"]
[WhiteClock "0:00:04"]
[BlackClock "0:00:10"]

1. d4 d5 2. c4 c6 3. Nf3 Nf6 4. e3 Bg4 5. Qb3 Bxf3 6. gxf3 Qb6 7. Nc3 e6 8. e4 dxc4 9. Bxc4 Be7 10. Be3 O-O 11. O-O-O Nbd7 12. Kb1 Rfc8 13. Rhg1 Qxb3 14. Bxb3 a5 15. Bg5 Bb4 16. e5 Nd5 17. Ne4 a4 18. Bc2 Nf8 19. h4 a3 20. b3 Ng6 21. h5 Ngf4 22. Bxf4 Nxf4 23. Rg4 Ne2 24. Rd3 c5 25. dxc5 Rd8 26. Nf6+ Kh8 27. Rxb4 gxf6 28. exf6 Rxd3 29. Bxd3 Nc3+ 30. Kc2 Nxa2 31. Rxb7 Nb4+ 32. Kb1 a2+ 33. Ka1 Nxd3 34. Rd7 Nb4 35. Rd2 Nd5 36. Rc2 Nxf6 37. c6 Rc8 38. b4 Nd5 39. b5 Kg8 40. Rxa2 Kf8 41. Ra7 Rb8 42. Ra5 Ke7 43. Kb2 Kd6 44. Kc2 Kc7 45. Ra7+ Kb6 46. Rxf7 Kxb5 47. c7 Rc8 48. Kd3 Nxc7 49. Rxh7 Kc5 50. Ke4 Kd6 51. Rg7 Nd5 52. h6 Rh8 53. Rg6 Ne7 54. Rf6 Nf5 55. Kf4 Rxh6 56. Rf8 Rh4+ 57. Kg5 Rb4 58. f4 Rb2 59. Kf6 Rxf2 60. Rd8+ Kc5 61. Kxe6 Nd4+ 62. Kf7 Rxf4+ 63. Kg6 Rf1 64. Ra8 Kd5 65. Ra5+ Ke4 66. Ra8 Kd5 67. Ra5+ Ke6 68. Ra8 Rg1+ 69. Kh5 Nf5 70. Ra6+ Ke5 71. Ra5+ Ke4 72. Ra4+ Nd4 73. Kh6 Rg4 74. Ra8 Kf5 75. Ra5+ Kf4 76. Ra8 Kf5 77. Rf8+ Ke6 78. Rf2 Nf5+ 79. Kh5 Rg1 80. Ra2 Kf6 81. Ra6+ Ke5 82. Ra5+ Kf4 83. Ra4+ Kf3 84. Ra3+ Ne3 85. Kh6 Rg8 86. Kh7 Rg3 87. Ra6 Kf4 88. Ra4+ Kf5 89. Ra5+ Ke4 90. Ra4+ Ke5 91. Ra3 Rh3+ 92. Kg6 Rg3+ 93. Kf7 Kf4 94. Ra4+ Kf3 95. Ra6 Rg4 96. Rf6+ Ke4 97. Ra6 Nd5 98. Ra4+ Kf5 99. Rxg4 Kxg4 1/2-1/2


[Site "https://www.chess.com"]

[Event "Titled Tuesday Blitz August 02 Late 2022"]
[White "Steinberg, Nitzan"]
[Black "Dev, Shah"]
[WhiteFideId "2801795"]
[BlackFideId "35019058"]
[WhiteElo "2471"]
[BlackElo "2048"]
[Result "1-0"]
[Round "05"]
[TimeControl "180+1"]
[Date "2022.08.02"]
[WhiteClock "0:00:27"]
[BlackClock "0:00:01"]

1. e4 e5 2. Nf3 Nc6 3. Bc4 Bc5 4. c3 Nf6 5. d3 d6 6. h3 h6 7. a4 a5 8. O-O O-O 9. Nbd2 Bb6 10. Re1 Ne7 11. Nf1 Ng6 12. Ng3 Be6 13. Bb3 Qd7 14. d4 c6 15. Be3 exd4 16. cxd4 d5 17. e5 Ne4 18. Bc2 Nxg3 19. fxg3 Rac8 20. Rc1 Bf5 21. Bxf5 Qxf5 22. Qb3 Bc7 23. Qxb7 Ne7 24. Re2 Qd3 25. Rcc2 Nf5 26. Bf2 Qd1+ 27. Kh2 Ne7 28. Red2 Qa1 29. b3 Rfd8 30. Re2 Rd7 31. Qa6 Rb8 32. Qd3 Qb1 33. Nd2 Qd1 34. g4 Rxb3 35. Qxb3 Qxe2 36. Nf3 Qe4 37. Bg3 h5 38. gxh5 Nf5 39. Bf2 f6 40. Rxc6 fxe5 41. Qb7 Qe2 42. Qc8+ Kh7 43. Qxd7 e4+ 44. Rxc7 1-0


[Site "https://www.chess.com"]

[Event "Titled Tuesday Blitz August 02 Late 2022"]
[White "Svane, Frederik"]
[Black "Bick, Gabriel James Koop"]
[WhiteFideId "12923044"]
[BlackFideId "2084058"]
[WhiteElo "2459"]
[BlackElo "2466"]
[Result "1-0"]
[Round "05"]
[TimeControl "180+1"]
[Date "2022.08.02"]
[WhiteClock "0:02:01"]
[BlackClock "0:00:49"]

1. e4 e5 2. Nf3 Nc6 3. Bb5 a6 4. Ba4 Nf6 5. Nc3 b5 6. Bb3 Bc5 7. O-O d6 8. a4 b4 9. Nd5 Na5 10. Ba2 Nxd5 11. Bxd5 c6 12. Ba2 b3 13. cxb3 O-O 14. d4 exd4 15. Nxd4 Re8 16. Nc2 Rb8 17. Qf3 Be6 18. b4 Bxb4 19. Nxb4 Rxb4 20. Bd2 Rxb2 21. Bxe6 Rxe6 22. Bc3 Rb8 23. Rab1 Nc4 24. Qd3 d5 25. exd5 cxd5 26. Qxd5 Nb6 27. Qa5 Nc4 28. Qd5 Nb6 29. Qf3 Nxa4 30. Qg3 1-0


[Site "https://www.chess.com"]

[Event "Titled Tuesday Blitz August 02 Late 2022"]
[White "Swiercz, Dariusz"]
[Black "Ernst, Sipke"]
[WhiteFideId "1126881"]
[BlackFideId "1004689"]
[WhiteElo "2627"]
[BlackElo "2436"]
[Result "1-0"]
[Round "05"]
[TimeControl "180+1"]
[Date "2022.08.02"]
[WhiteClock "0:00:25"]
[BlackClock "0:00:05"]

1. Nf3 d5 2. d4 Nf6 3. Bf4 e6 4. e3 Bd6 5. Ne5 O-O 6. Nd2 b6 7. c3 c5 8. h4 Qc7 9. h5 Nbd7 10. Ndf3 Ne4 11. h6 g6 12. Bd3 f6 13. Nxd7 Bxd7 14. Bxe4 Bxf4 15. Bxg6 hxg6 16. Qd3 Kh7 17. exf4 Qxf4 18. Rh4 Qf5 19. Qe3 g5 20. Rh2 c4 21. Kd2 b5 22. g4 Qf4 23. Qxf4 gxf4 24. g5 Be8 25. Re1 Bg6 26. Rxe6 Be4 27. Re7+ Kh8 28. Rh3 Bxf3 29. g6 Rg8 30. Rh7# 1-0


[Site "https://www.chess.com"]

[Event "Titled Tuesday Blitz August 02 Late 2022"]
[White "Szabo, Marcell"]
[Black "Rustemov, Alexander"]
[WhiteFideId "2072033"]
[BlackFideId "4119002"]
[WhiteElo "1777"]
[BlackElo "2773"]
[Result "1-0"]
[Round "05"]
[TimeControl "180+1"]
[Date "2022.08.02"]
[WhiteClock "0:00:47"]
[BlackClock "0:00:24"]

1. e4 e6 2. d4 d5 3. exd5 exd5 4. c4 Nf6 5. Nc3 Bb4 6. Nf3 O-O 7. Be2 dxc4 8. O-O Bg4 9. Be3 Nc6 10. Bxc4 Bd6 11. h3 Bh5 12. Be2 Re8 13. Qb3 Rb8 14. Rfe1 a6 15. a3 Qd7 16. Rad1 h6 17. Ne5 Qc8 18. Bxh5 Nxe5 19. dxe5 Rxe5 20. Bf3 Bc5 21. Bxc5 Rxc5 22. Re7 Qf8 23. Rde1 b5 24. Nd5 Ne8 25. Qe3 Rc2 26. Rxe8 Rxe8 27. Qxe8 g6 28. Nf6+ Kg7 29. Qe5 Kh8 30. Nd5+ Qg7 31. Qe8+ Kh7 32. Re7 c6 33. Rxf7 cxd5 34. Rxg7+ Kxg7 35. Qe7+ Kh8 36. Qf6+ Kh7 37. Qf7+ Kh8 38. Bxd5 Rc8 39. Qxg6 1-0


[Site "https://www.chess.com"]

[Event "Titled Tuesday Blitz August 02 Late 2022"]
[White "Szalay, Karoly"]
[Black "Lobanov, Sergei"]
[WhiteFideId "2600544"]
[BlackFideId "24183750"]
[WhiteElo "2561"]
[BlackElo "2524"]
[Result "0-1"]
[Round "05"]
[TimeControl "180+1"]
[Date "2022.08.02"]
[WhiteClock "0:00:08"]
[BlackClock "0:00:08"]

1. e4 e5 2. Nf3 Nc6 3. Nc3 Nf6 4. Bb5 Bd6 5. d3 O-O 6. Ne2 a6 7. Ba4 b5 8. Bb3 Na5 9. Ng3 Re8 10. O-O Bf8 11. Re1 g6 12. c3 Nxb3 13. Qxb3 Bg7 14. Ng5 d5 15. f4 exf4 16. Bxf4 h6 17. Nf3 dxe4 18. Nxe4 Nxe4 19. Rxe4 Rxe4 20. dxe4 Be6 21. Qb4 Qd3 22. Bxc7 Rc8 23. Bg3 Rc4 24. Qa5 Rxe4 25. Qxa6 Re2 26. Re1 Rxb2 27. Nd4 Bd5 28. Qc8+ Kh7 29. Bf2 Rb1 30. Qh3 Rxe1+ 31. Bxe1 Qb1 32. Qe3 Qxa2 33. Bf2 Qb1+ 34. Qe1 Qd3 35. h3 b4 36. Qe2 Qxe2 37. Nxe2 b3 38. c4 b2 39. cxd5 b1=Q+ 40. Kh2 Qe4 41. Ng3 Be5 42. d6 Bxd6 0-1


[Site "https://www.chess.com"]

[Event "Titled Tuesday Blitz August 02 Late 2022"]
[White "Tanenbaum, Zachary"]
[Black "Zhigalko, Sergei"]
[WhiteFideId "2060850"]
[BlackFideId "13502956"]
[WhiteElo "2175"]
[BlackElo "2662"]
[Result "0-1"]
[Round "05"]
[TimeControl "180+1"]
[Date "2022.08.02"]
[WhiteClock "0:00:07"]
[BlackClock "0:00:08"]

1. e4 c5 2. Nf3 Nc6 3. Nc3 Nf6 4. Bb5 Qc7 5. O-O Nd4 6. Re1 a6 7. Bf1 Ng4 8. g3 Nxf3+ 9. Qxf3 Ne5 10. Qe2 e6 11. d3 d6 12. f4 Nc6 13. Be3 Be7 14. Bg2 O-O 15. g4 b5 16. g5 b4 17. Nd1 f6 18. c3 fxg5 19. fxg5 a5 20. Nf2 Ne5 21. Ng4 Ng6 22. Rf1 Bd7 23. Rxf8+ Rxf8 24. Rf1 Rxf1+ 25. Qxf1 Qd8 26. Qc1 e5 27. Bf3 Be6 28. c4 Qd7 29. Qd1 Qd8 30. Qd2 a4 31. Bd1 a3 32. b3 Kh8 33. Bf3 Nh4 34. Be2 Qc8 35. Qd1 Qd8 36. Qd2 Qf8 37. Qd1 Qf7 38. h3 Qg6 39. Qd2 Qf7 40. Qd1 Kg8 41. Qf1 Qg6 42. Qc1 Qe8 43. Qe1 Ng6 44. Qf2 Qc8 45. Qg3 Qf8 46. h4 Qf7 47. Kg2 Bd8 48. Qf2 Qxf2+ 49. Bxf2 Nf4+ 50. Kf3 Nxe2 51. Kxe2 Bxg4+ 52. Kd2 Kf7 53. Be3 Kg6 54. Bf2 Kh5 55. Bg3 h6 56. gxh6 gxh6 57. Kc2 Bxh4 58. Bh2 Bg5 59. Bg3 Bf4 60. Bf2 Kg5 61. d4 exd4 62. e5 dxe5 63. Kb1 h5 64. Ka1 h4 65. Bg1 h3 66. Bf2 h2 67. Be1 h1=Q 68. Kb1 Bf5+ 69. Ka1 Qxe1# 0-1


[Site "https://www.chess.com"]

[Event "Titled Tuesday Blitz August 02 Late 2022"]
[White "Tatarinov, Dmitry"]
[Black "Livaic, Leon"]
[WhiteFideId "24160067"]
[BlackFideId "14531534"]
[WhiteElo "2302"]
[BlackElo "2540"]
[Result "0-1"]
[Round "05"]
[TimeControl "180+1"]
[Date "2022.08.02"]
[WhiteClock "0:00:01"]
[BlackClock "0:00:39"]

1. c4 e6 2. d4 d5 3. Nf3 Nf6 4. g3 Be7 5. Bg2 O-O 6. O-O Nbd7 7. Nbd2 c6 8. Qc2 b6 9. e4 dxc4 10. Nxc4 Bb7 11. Rd1 c5 12. e5 Nd5 13. h4 h6 14. dxc5 Bxc5 15. Qe2 Rc8 16. Ne3 Qe7 17. Nxd5 Bxd5 18. b3 Rc7 19. Bb2 Rfc8 20. Rac1 Ba3 21. Rxc7 Rxc7 22. Bxa3 Qxa3 23. Nd4 Rc5 24. Bxd5 Rxd5 25. Nf3 Qc5 26. Rxd5 Qxd5 27. Qd2 Qxd2 28. Nxd2 Nxe5 29. f4 Nc6 30. h5 f5 31. Kf2 Kf7 32. Ke3 Kf6 33. Nc4 e5 34. fxe5+ Nxe5 35. Nd6 Kg5 36. Ne8 Kxh5 37. Kf4 Nd3+ 38. Kxf5 g6+ 39. Ke4 Nc1 40. Kf4 Ne2+ 41. Kf3 Nd4+ 42. Kf4 g5+ 43. Ke4 Nc6 44. Kf5 Ne7+ 45. Ke6 Nc6 46. Kf5 Nd4+ 47. Ke4 Nc2 48. Kf5 Ne3+ 49. Ke4 Nf1 50. Kf3 Kg6 51. Nc7 Nd2+ 52. Ke3 Nb1 53. Nb5 a5 54. Kd3 Kf5 55. Kc2 Kg4 56. Kxb1 Kxg3 57. Kc2 h5 58. Kd2 h4 59. Nd4 h3 60. Nf5+ Kf2 61. Nh6 h2 62. Ng4+ Kg3 63. Nxh2 Kxh2 64. Ke3 g4 65. Kf2 g3+ 0-1


[Site "https://www.chess.com"]